 Dungeon Crawl Stone Soup version 0.30-a0-937-ga0a21ad780 (webtiles) character file.

Game seed: 5927825593506725183

240 Sobieck the Digger (level 6, -3/50 HPs)
             Began as a Ghoul Earth Elementalist on Mar 24, 2023.
             Slain by Edmund
             ... wielding a +2 flail of protection
              (10 damage)
             ... on level 4 of the Dungeon.
             The game lasted 00:06:15 (3336 turns).

Sobieck the Digger (Ghoul Earth Elementalist)       Turns: 3336, Time: 00:06:16

Health: -3/50      AC:  4    Str: 12    XL:     6   Next: 8%
Magic:  5/9        EV: 12    Int: 12    God:
Gold:   116        SH:  0    Dex: 15    Spells: 4/10 levels left

rFire   . . .      SeeInvis .    a - +0 sling
rCold   + . .      Faith    .    (no shield)
rNeg    + + +      Spirit   .    B - +2 robe {Archmagi}
rPois   ∞          Reflect  .    (no helmet)
rElec   .          Rampage  .    (no cloak)
rCorr   .          Archmagi +    (no gloves)
Will    .....                    (no boots)
Stlth   ++                       (no amulet)
HPRegen 0.00/turn                D - +6 ring of dexterity
MPRegen 0.11/turn                (no ring)

@: inhibited regen
A: claws 1, cold resistance 1, negative energy resistance 3, inhibited
regeneration, torment resistance 2, devour on kill
a: no special abilities


You were on level 4 of the Dungeon.
You visited 1 branch of the dungeon, and saw 4 of its levels.

You collected 116 gold pieces.


Innate Abilities, Weirdness & Mutations

You are immune to poison.
You have sharp fingernails.
Your flesh is cold resistant. (rC+)
You are immune to negative energy. (rN+++)
You do not regenerate when monsters are visible.
You are immune to unholy pain and torment.
You thrive by killing the living.


   Skills:
 + Level 2.8 Fighting
 - Level 1.7 Dodging
 - Level 2.1 Stealth
 + Level 2.9 Spellcasting
 - Level 0.8 Transmutations
 * Level 5.6 Earth Magic


You had 4 spell levels left.
You knew the following spells:

 Your Spells              Type           Power      Damage    Failure   Level
a - Sandblast             Erth           44%        2d11      2%          1
b - Stone Arrow           Conj/Erth      24%        3d8       24%         3
c - Passwall              Tmut/Erth      11%        N/A       10%         2

Your spell library contained the following spells:

 Spells                   Type           Power      Damage    Failure   Level
 Petrify                  Tmut/Erth      14%        N/A       54%         4
 Inner Flame              Hex/Fire       2%         N/A       58%         3
 Flame Wave               Conj/Fire      2%         2d4       94%         4
 Sticky Flame             Conj/Fire      2%         2d3       94%         4

Inventory:

Hand Weapons
 a - a +0 sling (weapon)
   (You found it on level 1 of the Dungeon)
 c - a +0 spear {polearm}
   (You found it on level 1 of the Dungeon)
 g - a +0 dagger {short}
   (You found it on level 1 of the Dungeon)
 l - a +0 short sword {short}
   (You took it off a kobold on level 1 of the Dungeon)
 n - a +0 club {mace}
   (You took it off a goblin on level 1 of the Dungeon)
 A - a +7 club {mace}
   (You took it off Jessica on level 3 of the Dungeon)
Missiles
 d - a curare-tipped dart {=fthrowing}
 m - 14 stones {throwing}
Armour
 e - a +0 leather armour
   (You found it on level 1 of the Dungeon)
 f - a +0 ring mail
   (You found it on level 1 of the Dungeon)
 h - a +0 scale mail
   (You found it on level 1 of the Dungeon)
 i - a +0 ring mail
   (You found it on level 1 of the Dungeon)
 j - a +0 leather armour
   (You found it on level 1 of the Dungeon)
 o - a +0 robe
 q - a +0 robe
   (You found it on level 2 of the Dungeon)
 v - a +0 robe
   (You found it on level 2 of the Dungeon)
 x - a +0 ring mail
   (You found it on level 2 of the Dungeon)
 y - a +0 robe
   (You found it on level 3 of the Dungeon)
 B - a +2 robe of the Archmagi (worn)
   (You took it off Jessica on level 3 of the Dungeon)
 C - a +0 leather armour
   (You took it off an orc on level 3 of the Dungeon)
 H - a +0 leather armour
   (You found it on level 4 of the Dungeon)
Jewellery
 D - a +6 ring of dexterity (left claw)
   (You found it on level 3 of the Dungeon)
Scrolls
 p - a scroll of teleportation {@r4}
 s - a scroll of identify {unknown}
 t - a scroll of enchant armour {unknown}
 E - a scroll of poison
 F - a scroll of silence {unknown}
Potions
 k - a potion of flight {unknown}
 r - a potion of degeneration {unknown}
 u - a potion of attraction {unknown}
 w - 2 potions of curing {unknown}
 z - 2 potions of mutation {unknown}
 G - a potion of ambrosia {unknown}

Dungeon Overview and Level Annotations

Branches:
Dungeon (4/15) Zot: 20580
 Temple: D:4-7

Altars:
Trog
Uskayaw

Shops:
D:3 *

Annotations:
D:4 Edmund

*,**,,,..,,* #<####.# #.#
*,**,,,,,,,**#.)..#.# #.#
*,**,,,,.......##.#.# ###.#
*,*****#..######.†..#*###...#
*,,,* #.,* #...+#,#.#'..# ***,*
*..######..##,,#..##.. *,*
**,,........#,,_#_..#.# *,*
*,,*##......#***####### ***,*
*,,*#@@.....#,,_*_,,* # *,,,*
#,,#.###....##,,*,,***#
*,****#..(** ##....+#,*,*+,*#
*,* *~~.~~* #.....#****,,*#
*,***~#'#~** ##.#####*,*,*,*#
*,*,,,+∩+..###..######,*,,,*#
*****,*,*~*+*~#............,,***
*,,,,,,,,~~,~~###..........***
*,*******,*,*** #.#.#######*


You could see Edmund.


Message History

Unknown command.
There is an open door here.
There is an open door here.
An adder comes into view.
Danger!
You shoot a sling bullet. The sling bullet hits the adder.
The adder hisses angrily.
You shoot a sling bullet.
The sling bullet barely misses the adder.
The adder closely misses you. x2
You feel a surge of power!
The blast of sand hits the adder!
The adder misses you. The adder bites you.
You feel a surge of power!
The blast of sand hits the adder!
You kill the adder!
You feel better.
You see here an adder corpse.
H - a +0 leather armour
Found a stone staircase leading down.
Unknown command.
There is a stone staircase leading down here.
Danger!
You shoot a sling bullet. The sling bullet hits Edmund.
You feel a surge of power!
The blast of sand hits Edmund but does no damage.
You feel a surge of power!
The blast of sand hits Edmund!
You feel a surge of power!
The blast of sand hits Edmund but does no damage.
Edmund closely misses you.
Edmund hits you with a +2 flail of protection.
Unknown command.
Casting: Sandblast (safe; 2% risk of failure)
Confirm with . or Enter, or press ? or * to list all spells.
Okay, then.
Unknown command.
Okay, then.
Unknown command.
You feel a surge of power!
The blast of sand hits Edmund but does no damage.
Edmund hits you with a +2 flail of protection!
Unknown command.
Unknown command.
Casting: Sandblast (safe; 2% risk of failure)
Confirm with . or Enter, or press ? or * to list all spells.
Aiming: Stone Arrow (dangerous; 24% risk of failure)
Press: ? - help, Shift-Dir - straight line, f/p - Edmund
Aim: Edmund, wielding a +2 flail of protection and wearing a +0 scale mail (moderately wounded, 72% to hit)
You feel a surge of power!
The stone arrow hits Edmund but does no damage.
Edmund barely misses you.
Unknown command.
Casting: Stone Arrow (dangerous; 24% risk of failure)
Confirm with . or Enter, or press ? or * to list all spells.
You don't have enough magic to cast this spell.
Unknown command.
Magic courses through your body. Edmund completely misses you.
Casting: Stone Arrow (dangerous; 24% risk of failure)
Confirm with . or Enter, or press ? or * to list all spells.
Aiming: Sandblast (safe; 2% risk of failure)
Press: ? - help, Shift-Dir - straight line, f/p - Edmund
Aim: Edmund, wielding a +2 flail of protection and wearing a +0 scale mail (moderately wounded, 85% to hit)
You feel a surge of power!
The blast of sand hits Edmund but does no damage.
Edmund barely misses you.
Edmund hits you with a +2 flail of protection.
Casting: Sandblast (safe; 2% risk of failure)
Confirm with . or Enter, or press ? or * to list all spells.
Aiming: Sandblast (safe; 2% risk of failure)
Press: ? - help, Shift-Dir - straight line, f/p - Edmund
Aim: Edmund, wielding a +2 flail of protection and wearing a +0 scale mail (moderately wounded, 85% to hit)
You feel a surge of power!
The blast of sand hits Edmund!
Edmund barely misses you.
Casting: Sandblast (safe; 2% risk of failure)
Confirm with . or Enter, or press ? or * to list all spells.
Aiming: Sandblast (safe; 2% risk of failure)
Press: ? - help, Shift-Dir - straight line, f/p - Edmund
Aim: Edmund, wielding a +2 flail of protection and wearing a +0 scale mail (heavily wounded, 85% to hit)
You feel a surge of power!
The blast of sand hits Edmund but does no damage.
Edmund hits you with a +2 flail of protection.
Edmund grinds his teeth, and then sighs.
Edmund hits you with a +2 flail of protection!
* * * LOW HITPOINT WARNING * * *
Casting: Sandblast (safe; 2% risk of failure)
Confirm with . or Enter, or press ? or * to list all spells.
Aiming: Sandblast (safe; 2% risk of failure)
Press: ? - help, Shift-Dir - straight line, f/p - Edmund
Aim: Edmund, wielding a +2 flail of protection and wearing a +0 scale mail (heavily wounded, 85% to hit)
You feel a surge of power!
The blast of sand hits Edmund but does no damage.
Edmund hits you with a +2 flail of protection.
* * * LOW HITPOINT WARNING * * *
Casting: Sandblast (safe; 2% risk of failure)
Confirm with . or Enter, or press ? or * to list all spells.
Aiming: Sandblast (safe; 2% risk of failure)
Press: ? - help, Shift-Dir - straight line, f/p - Edmund
Aim: Edmund, wielding a +2 flail of protection and wearing a +0 scale mail (heavily wounded, 85% to hit)
You feel a surge of power!
The blast of sand hits Edmund but does no damage.
Edmund hits you with a +2 flail of protection!
You die...

Skill      XL: |  1  2  3  4  5 |
---------------+----------------+-----
Spellcasting   | 2 |  2.9
Fighting       | 1 2 |  2.8
Earth Magic    | 4 5 |  5.6
Dodging        | |  1.7
Stealth        | |  2.1
Transmutations | |  0.8

Action                     |  1- 3 |  4- 6 || total
---------------------------+-------+-------++-------
  Melee: Unarmed           |     4 |       ||     4
   Fire: Sling             |    67 |    21 ||    88
   Cast: Sandblast         |    48 |    34 ||    82
         Stone Arrow       |       |     1 ||     1
    Use: Scroll            |       |     3 ||     3
         Potion            |       |     1 ||     1
 Armour: Robe              |    14 |     3 ||    17
  Dodge: Dodged            |    37 |    19 ||    56

Levels and vault maps discovered:
D:1:      lemuel_arrival_lava_pool, layout_basic
D:2:      layout_basic, basic_altar, hellmonk_ecumenical_altar_inner_sanctum,
          chequers_big_river, st_stairs_5, minmay_3d_cube
D:3:      layout_rooms, serial_shops, shop_fountains, lightli_corner_chamber,
          uniq_jessica
D:4:      layout_loops_ring, nicolae_overflow_quartered_altars, serial_shops,
          kennysheep_mini_moat, minmay_quantized, uniq_edmund

Notes
Turn   | Place    | Note
-------+----------+-------------------------------------------
     0 | D:1      | Sobieck the Ghoul Earth Elementalist began the quest for
                  | the Orb.
     0 | D:1      | Reached XP level 1. HP: 14/14 MP: 2/2
   412 | D:1      | Reached XP level 2. HP: 16/22 MP: 0/3
   574 | D:1      | Reached skill level 2 in Spellcasting
  1129 | D:2      | Found a faded altar of an unknown god.
  1150 | D:2      | Reached skill level 1 in Fighting
  1215 | D:2      | You pick up a book of Flames and begin reading...
  1215 | D:2      | You add the spells Inner Flame, Sticky Flame and Flame Wave
                  | to your library.
  1248 | D:2      | Found a hide-covered altar of Uskayaw.
  1333 | D:2      | Reached skill level 4 in Earth Magic
  1333 | D:2      | Reached XP level 3. HP: 12/28 MP: 0/5
  1334 | D:2      | HP: 7/28 [ball python (1)]
  1360 | D:2      | HP: 5/28 [frilled lizard (3)]
  1365 | D:2      | HP: 4/28 [frilled lizard (1)]
  1929 | D:2      | Reached XP level 4. HP: 35/35 MP: 4/6
  2213 | D:2      | Learned a level 3 spell: Stone Arrow
  2216 | D:2      | Learned a level 2 spell: Passwall
  2256 | D:2      | Reached skill level 2 in Fighting
  2541 | D:3      | Found Asuig's Assorted Antiques.
  2576 | D:3      | Identified a +2 robe of the Archmagi
  2576 | D:3      | Noticed Jessica
  2580 | D:3      | Killed Jessica
  2601 | D:3      | Reached XP level 5. HP: 41/41 MP: 7/7
  3100 | D:4      | Noticed a kobold brigand
  3113 | D:4      | Killed a kobold brigand
  3114 | D:4      | Reached skill level 5 in Earth Magic
  3186 | D:4      | Noticed Edmund
  3197 | D:3      | Reached XP level 6. HP: 47/50 MP: 7/9
  3239 | D:4      | Found a bloodstained altar of Trog.
  3335 | D:4      | HP: 7/50 [Edmund/+2 flail of protection (6)]
  3336 | D:4      | Slain by Edmund

Vanquished Creatures
  A kobold brigand (D:4)
  A hound (D:4)
  Jessica (D:3)
  3 gnolls (D:2)
  3 adders
  A worm (D:2)
  A dart slug (D:2)
  An orc (D:3)
  5 endoplasms
  2 giant cockroaches
  3 goblins
  3 hobgoblins
  3 jackals (D:2)
  2 quokkas (D:2)
  7 ball pythons
  7 bats
  3 frilled lizards
  3 kobolds
  4 rats
54 creatures vanquished.

Vanquished Creatures (others)
  2 plants (D:2)
2 creatures vanquished.

Grand Total: 56 creatures vanquished

Table legend:
 A = Non-vault XP
 B = Vault XP
 C = Vault XP percentage of total XP
 D = Non-vault monster count
 E = Vault monster count
 F = Vault count percentage of total count
                 A         B        C        D         E       F
            +---------+---------+-------+---------+---------+-------
      Total |     292 |      51 |  14.9 |      47 |       7 |  13.0
            +---------+---------+-------+---------+---------+-------
        D:1 |      19 |       0 |   0.0 |      13 |       0 |   0.0
        D:2 |      92 |      14 |  13.2 |      24 |       6 |  20.0
        D:3 |      23 |      37 |  61.7 |       7 |       1 |  12.5
        D:4 |     158 |       0 |   0.0 |       3 |       0 |   0.0
            +---------+---------+-------+---------+---------+-------

Illustrated notes

Table legend:
 A = Kills in this place as a percentage of kills in the entire game.
 B = Kills by you in this place as a percentage of kills by you in the entire game.
 C = Kills by friends in this place as a percentage of kills by friends in the entire game.
 D = Other kills in this place as a percentage of other kills in the entire game.
 E = Experience gained in this place as a percentage of experience gained in the entire game.
 F = Experience gained in this place divided by the number of levels of this place that you have seen.
                   A       B       C       D       E      F
               +-------+-------+-------+-------+-------+----------------------
         Total | 100.0 | 100.0 |   N/A |   N/A | 100.0 |  85.8
       Dungeon | 100.0 | 100.0 |   N/A |   N/A | 100.0 |  85.8
               +-------+-------+-------+-------+-------+----------------------

Table legend: (Time is in decaauts)
 A = Elapsed time spent in this place.
 B = Non-inter-level travel time spent in this place.
 C = Inter-level travel time spent in this place.
 D = Time resting spent in this place.
 E = Time spent auto-exploring this place.
 F = Levels seen in this place.
 G = Mean time per level.
                   A        B        C        D        E       F      G
               +--------+--------+--------+--------+--------+-----+--------+
         Total |   3418 |   3356 |     62 |    267 |   2635 |   4 |  854.5 |
       Dungeon |   3418 |   3356 |     62 |    267 |   2635 |   4 |  854.5 |
               +--------+--------+--------+--------+--------+-----+--------+

Top non-repeatable levels by time:
     D:2: 1523 daAuts
     D:1: 1043 daAuts
     D:3: 508 daAuts
     D:4: 343 daAuts
